 Dungeon Crawl Stone Soup version 0.29-a0-284-gf9362112df (webtiles) character file.

Game seed: 15899665866345740881

9 sokol815 the Sneak (level 2, 0/24 HPs)
             Began as a Demonspawn Delver on Mar 25, 2022.
             Slain by a shadow imp (3 damage)
             ... on level 5 of the Dungeon.
             The game lasted 00:00:26 (184 turns).

sokol815 the Sneak (Demonspawn Delver)               Turns: 184, Time: 00:00:27

Health: 0/24       AC:  3    Str: 12    XL:     2   Next: 3%
Magic:  2/2        EV: 11    Int: 11    God:
Gold:   0          SH:  0    Dex: 14    Spells: 1/1 levels left

rFire   . . .      SeeInvis .   a - +0 mace
rCold   . . .      Faith    .   (no shield)
rNeg    . . .      Spirit   .   b - +0 leather armour
rPois   .          Reflect  .   (no helmet)
rElec   .          Harm     .   (no cloak)
rCorr   .          Rampage  .   (no gloves)
Will    .....                   (no boots)
Stlth   ++........              (no amulet)
HPRegen 0.08/turn               (no ring)
MPRegen 0.08/turn               (no ring)

@: no status effects
A: ignite blood 1
a: no special abilities


You were on level 5 of the Dungeon.
You visited 1 branch of the dungeon, and saw 2 of its levels.

Inventory:

Hand Weapons
 a - a +0 mace (weapon)
Armour
 b - a +0 leather armour (worn)
Wands
 d - a wand of digging (3)
Scrolls
 c - a scroll of fog
 E - a scroll of fear
 X - a scroll of magic mapping {@r4!r}
Potions
 H - a potion of haste


   Skills:
 - Level 3.0 Fighting
 + Level 2.5 Maces & Flails
 - Level 1.7 Dodging
 - Level 4.5 Stealth


You had one spell level left.
You didn't know any spells.
Your spell library was empty.

Dungeon Overview and Level Annotations

Branches:
Dungeon (5/15)
 Temple: D:4-7

Altars:

Annotations:
D:5 exclusion: upstairs


Innate Abilities, Weirdness & Mutations

Your demonic aura sometimes causes spilled blood to erupt in flames.


Message History

Welcome, sokol815 the Demonspawn Delver.
Everyone else who sought the Orb of Zot has failed.
Will you be different?
Found a stone staircase leading down.
An adder comes into view.
The helpless adder fails to defend itself.
You sock the adder! The adder barely misses you.
The adder bites you but does no damage.
You miss the adder. The adder bites you but does no damage.
The adder bites you.
You are poisoned.
The adder poisons you!
You take 2 damage, and have 16/18 hp.
You hit the adder but do no damage.
You feel sick. The adder bites you but does no damage.
You take 2 damage, and have 14/18 hp.
You miss the adder.
You feel sick. The adder misses you. The adder closely misses you.
You take 1 damage, and have 13/18 hp.
You hit the adder.
You kill the adder!
You feel sick.
You are no longer poisoned.
Your Maces & Flails skill increases to level 2!
You have reached level 2!
Your demonic ancestry asserts itself...
Your blood heats up.
You regained 4 hp, and now have 17/24 hp.
MP restored: 2 You start resting.
Health restored: 24 You see here an adder corpse.
Found a stone staircase leading down.
Found a stone staircase leading up.
There is a stone staircase leading up here.
You climb upwards.
There is a stone staircase leading down here.
There is a stone staircase leading down here.
A ball python comes into view.
A scorpion comes into view.
There is a stone staircase leading down here.
You climb downwards.
There is a stone staircase leading up here.
A stone staircase leading up.
There is a stone staircase leading up here.
A shadow imp comes into view.
You barely miss the shadow imp. The shadow imp barely misses you.
You closely miss the shadow imp. The shadow imp hits you.
You take 2 damage, and have 22/24 hp.
You hit the shadow imp but do no damage.
The shadow imp hits you.
You take 1 damage, and have 21/24 hp.
You hit the shadow imp. The shadow imp completely misses you.
You hit the shadow imp but do no damage.
The shadow imp barely misses you. The shadow imp misses you.
You closely miss the shadow imp.
The shadow imp grinds its teeth.
The shadow imp hits you.
You take 2 damage, and have 19/24 hp.
You hit the shadow imp. The shadow imp hits you.
You take 3 damage, and have 16/24 hp.
You hit the shadow imp but do no damage.
The shadow imp barely misses you. x2
You hit the shadow imp but do no damage.
The shadow imp hits you.
You take 4 damage, and have 12/24 hp.
You are too injured to fight recklessly!
You hit the shadow imp but do no damage.
The shadow imp hits you.
You take 3 damage, and have 9/24 hp.
You closely miss the shadow imp. The shadow imp hits you.
* * * LOW HITPOINT WARNING * * *
The shadow imp hits you.
* * * LOW HITPOINT WARNING * * *
You take 6 damage, and have 3/24 hp.
MASSIVE DAMAGE!!
You hit the shadow imp. The shadow imp hits you.
You die...

#####...#........#.#...#
##..#............###
#..#.≈≈≈..#.#...#
#....≈.≈#.#.#######.
##...≈.≈#.#.........
#...≈.≈#.#.########
#.....##.#.#
#...####.#.########
#.#.# #.#@°.......
#.#.####...5.......
#.#.............##.
####.##.##########!#
...............> #
.≈##.###.####.#. #. #.#
#†## #..# .#


You could see a shadow imp.

Vanquished Creatures
  An adder (D:5)
1 creature vanquished.

Vanquished Creatures (others)
  A plant (D:5)
1 creature vanquished.

Grand Total: 2 creatures vanquished

Notes
Turn   | Place    | Note
-------+----------+-------------------------------------------
     0 | D:5      | sokol815 the Demonspawn Delver began the quest for the Orb.
     0 | D:5      | Reached XP level 1. HP: 18/18 MP: 1/1
    14 | D:5      | Reached skill level 2 in Maces & Flails
    14 | D:5      | Gained mutation: Your demonic aura sometimes causes spilled
                  | blood to erupt in flames. [demonic ancestry]
    14 | D:5      | Reached XP level 2. HP: 17/24 MP: 2/2
   153 | D:4      | Noticed a scorpion
   182 | D:5      | HP: 5/24 [shadow imp (5)]
   184 | D:5      | Slain by a shadow imp

Illustrated notes

Levels and vault maps discovered:
D:4:      layout_rooms, serial_bayou_pond_b, uniq_ijyb, uniq_grinder
D:5:      layout_basic, serial_rivers, chequers_serial_rivers_room_b,
          chequers_serial_rivers_large_b, chequers_serial_rivers_micro_d,
          chequers_serial_rivers_marsh, chequers_serial_rivers_micro_e,
          kennysheep_boxes

Skill      XL: |  1 |
---------------+----+-----
Maces & Flails | 2 |  2.5
Fighting       | |  3.0
Dodging        | |  1.7
Stealth        | |  4.5

Action                   || total
-------------------------++-------
Melee: Mace              ||    17
 Stab: Sleeping          ||     1
Armor: Leather armour    ||     3
Dodge: Dodged            ||     9

Table legend: (Time is in decaauts)
 A = Elapsed time spent in this place.
 B = Non-inter-level travel time spent in this place.
 C = Inter-level travel time spent in this place.
 D = Time resting spent in this place.
 E = Time spent auto-exploring this place.
 F = Levels seen in this place.
 G = Mean time per level.
                   A        B        C        D        E       F      G
               +--------+--------+--------+--------+--------+-----+--------+
         Total |    188 |    188 |      0 |     85 |     60 |   2 |   94.0 |
       Dungeon |    188 |    188 |      0 |     85 |     60 |   2 |   94.0 |
               +--------+--------+--------+--------+--------+-----+--------+

Top non-repeatable levels by time:
     D:5: 181 daAuts
     D:4: 7 daAuts

Table legend:
 A = Kills in this place as a percentage of kills in entire the game.
 B = Kills by you in this place as a percentage of kills by you in the entire game.
 C = Kills by friends in this place as a percentage of kills by friends in the entire game.
 D = Other kills in this place as a percentage of other kills in the entire game.
 E = Experience gained in this place as a percentage of experience gained in the entire game.
 F = Experience gained in this place divided by the number of levels of this place that you have seen.
                   A       B       C       D       E      F
               +-------+-------+-------+-------+-------+----------------------
         Total | 100.0 | 100.0 |   N/A |   N/A | 100.0 |   6.5
       Dungeon | 100.0 | 100.0 |   N/A |   N/A | 100.0 |   6.5
               +-------+-------+-------+-------+-------+----------------------
